 Dungeon Crawl Stone Soup version 0.29.1-1-gd02db6906a (webtiles) character file.

Game seed: 14912753037572256936

93 LustLizard the Vexing (level 4, -5/22 HPs)
             Began as a Spriggan Arcane Marksman on Oct 4, 2022.
             Killed by divine providence
             ... invoked by an orc priest
              (16 damage)
             ... on level 3 of the Dungeon.
             The game lasted 00:04:09 (2105 turns).

LustLizard the Vexing (Spriggan Arcane Marksman)    Turns: 2105, Time: 00:04:10

Health: -5/22      AC:  2    Str:  6    XL:     4   Next: 36%
Magic:  7/7        EV: 17    Int: 14    God:
Gold:   109        SH:  0    Dex: 17    Spells: 4/5 levels left

rFire   . . .      SeeInvis +   a - +1 sling
rCold   . . .      Faith    .   (no shield)
rNeg    . . .      Spirit   .   c - +0 robe
rPois   .          Reflect  .   (helmet restricted)
rElec   .          Harm     .   (no cloak)
rCorr   .          Rampage  .   (gloves unavailable)
Will    .....                   (boots unavailable)
Stlth   +++.......              (no amulet)
HPRegen 0.07/turn               (no ring)
MPRegen 0.10/turn               (no ring)

@: very quick
A: very small, no large weapons, unfitting armour, see invisible, speed 3
a: no special abilities


You were on level 3 of the Dungeon.
You visited 1 branch of the dungeon, and saw 3 of its levels.

You collected 109 gold pieces.

Inventory:

Hand Weapons
 a - a +1 sling (weapon)
Armour
 c - a +0 robe (worn)
Scrolls
 b - 2 scrolls of poison
 e - 2 scrolls of fear
 h - 2 scrolls of blinking {unknown}
 i - a scroll of immolation {unknown}
 k - a scroll of teleportation {unknown}
 l - a scroll of amnesia {unknown}
 m - 2 scrolls of identify {unknown}
Potions
 d - 2 potions of attraction {unknown}
 f - a potion of curing {unknown}
 g - a potion of haste {unknown}
 j - a potion of cancellation {unknown}


   Skills:
 + Level 1.5 Fighting
 * Level 3.1 Ranged Weapons
 - Level 2.6 Dodging
 * Level 3.8 Stealth
 - Level 1.3 Spellcasting
 - Level 4.0 Hexes


You had 4 spell levels left.
You knew the following spells:

 Your Spells              Type           Power      Damage    Failure   Level
a - Slow                  Hex            48%        N/A       4%          1

Your spell library contained the following spells:

 Spells                   Type           Power      Damage    Failure   Level
 Ensorcelled Hibernation  Hex/Ice        12%        N/A       17%         2
 Summon Small Mammal      Summ           0%         N/A       26%         1
 Inner Flame              Hex/Fire       6%         N/A       32%         3
 Portal Projectile        Hex/Tloc       12%        N/A       32%         3
 Passwall                 Tmut/Erth      0%         N/A       36%         2
 Cause Fear               Hex            6%         N/A       43%         4
 Call Canine Familiar     Summ           0%         N/A       58%         3
 Swiftness                Air            0%         N/A       58%         3
 Leda's Liquefaction      Hex/Erth       3%         N/A       73%         4
 Summon Forest            Summ/Tloc      0%         N/A       100%        5
 Haunt                    Necr/Summ      0%         N/A       100%        7
 Summon Hydra             Summ           0%         N/A       100%        7


Dungeon Overview and Level Annotations

Branches:
Dungeon (3/15)

Altars:


Innate Abilities, Weirdness & Mutations

You are very small and have problems with some larger weapons.
You are too small for most types of armour.
You have supernaturally acute eyesight. (SInv)
You cover ground extremely quickly. (Speed+++)


Message History

The bat is moderately wounded.
The bat barely misses you.
You shoot a sling bullet. The sling bullet hits the bat!
You kill the bat!
The orc priest looks braver for a moment.
You shoot a sling bullet. The sling bullet hits the orc priest.
The orc priest is moderately wounded.
No target in view!
You shoot a sling bullet. The sling bullet hits the orc priest.
The orc priest is moderately wounded.
You shoot a sling bullet. The sling bullet hits the orc priest.
The orc priest is heavily wounded.
The orc priest casts a cantrip, but nothing happens.
You shoot a sling bullet.
The sling bullet hits the orc priest but does no damage.
The orc priest is heavily wounded.
You shoot a sling bullet.
The sling bullet hits the orc priest but does no damage.
The orc priest is heavily wounded.
The orc priest mumbles some strange prayers to Beogh against you.
You struggle to resist.
You shoot a sling bullet.
The sling bullet hits the orc priest but does no damage.
The orc priest is heavily wounded.
You shoot a sling bullet.
The sling bullet hits the orc priest but does no damage.
The orc priest is heavily wounded.
The orc priest calls down the wrath of Beogh upon you.
Pain shoots through your body!
You shoot a sling bullet.
The sling bullet closely misses the orc priest.
The orc priest hits you with a +0 short sword. x2
You are too injured to fight recklessly!
You are too injured to fight recklessly!
You are too injured to fight recklessly!
Unknown command.
The orc priest mumbles some strange prayers to Beogh against you.
Beogh smites you!
Ouch! That really hurt!
You die...

#.........#
#.#######.# #.# #.#
#.# #.# #.#
####.#######
##.####..........#
#.<.[............#
##.####..........#####
#...@......>.........
#########.o....######
#....#.######
#....#...#...
#....###.#... #....#
#...†. #....# ###...
#....# #... #....#
####


You could see an orc priest.

Vanquished Creatures
  Terence (D:2)
  2 adders (D:2)
  A dart slug (D:2)
  6 bats
  4 endoplasms
  2 giant cockroaches (D:2)
  8 hobgoblins
  4 kobolds
  4 quokkas
  7 ball pythons
  5 frilled lizards
  A rat (D:1)
45 creatures vanquished.

Vanquished Creatures (others)
  A fungus (D:3)
1 creature vanquished.

Grand Total: 46 creatures vanquished

Notes
Turn   | Place    | Note
-------+----------+-------------------------------------------
     0 | D:1      | LustLizard the Spriggan Arcane Marksman began the quest for
                  | the Orb.
     0 | D:1      | Reached XP level 1. HP: 9/9 MP: 3/3
   134 | D:1      | Reached skill level 1 in Stealth
   296 | D:1      | Reached XP level 2. HP: 14/14 MP: 5/5
   312 | D:1      | Reached skill level 1 in Fighting
   759 | D:1      | Reached skill level 4 in Hexes
   863 | D:1      | Got Homaqeza's Verses on Accomplices
  1147 | D:2      | Reached XP level 3. HP: 18/18 MP: 6/6
  1251 | D:2      | Identified the +9 morningstar of Dishonour {antimagic,
                  | *Rage rN++ Int+2 Stlth+}
  1375 | D:2      | Noticed Terence
  1750 | D:2      | Killed Terence
  1751 | D:2      | Reached XP level 4. HP: 19/22 MP: 7/7
  2105 | D:3      | Killed from afar by an orc priest

Illustrated notes

Levels and vault maps discovered:
D:1:      eino_arrival_water_cross, layout_rooms
D:2:      minmay_general_purpose_star, layout_rooms, uniq_terence
D:3:      layout_basic, mainiacjoe_overflow_small_starburst,
          nicolae_overflow_crystal_walls, dreamdust_ecumenical_altar_grove

Skill      XL: |  1  2  3 |
---------------+----------+-----
Stealth        | 1 2 3 |  3.8
Fighting       | 1 |  1.5
Hexes          | 4 |  4.0
Ranged Weapons | 3 |  3.1
Dodging        | |  2.6
Spellcasting   | |  1.3

Action                   |  1- 3 |  4- 6 || total
-------------------------+-------+-------++-------
 Fire: Sling             |   177 |    30 ||   207
 Cast: Slow              |     1 |       ||     1
  Use: Scroll            |     1 |       ||     1
Armor: Robe              |     6 |     2 ||     8
Dodge: Dodged            |    80 |    10 ||    90
